AoeStats
← _kurtosis_

Arabia

509940693Analyzed
1v1 RM · 5d ago on Sep 28, 2026· 52m 32s· 2 players
Game mode
Random Map
Map size
Tiny (2 player)
Population
200
Speed
Normal
Resources
Standard
Victory
Conquest
Starting age
Dark Age
Ending age
Imperial Age
RankedLock teamsTeams togetherTeam positionsShared explorationLock speedFull tech treeHidden civsTurbo modeCheats
Victory
Defeat
🇺🇸 Muisca · United States
1102
+16
🇫🇷 Koreans · France
1094
-16
Romero
4:41 Loom
9:39 Feudal Age
10:07 Double-Bit Axe
14:53 Fletching
15:34 Horse Collar
27:54 Castle Age
28:31 Bodkin Arrow
27:59 Crossbowman
30:18 Gold Mining
34:53 Scale Barding Armor
35:00 Bow Saw
38:41 Chain Barding Armor
39:18 Heavy Plow
39:35 Forging
43:12 Imperial Age
41:57 Town Watch
43:59 Wheelbarrow
43:12 Light Cavalry
44:00 Arbalester
46:21 Ballistics
48:10 Iron Casting
48:30 Thumb Ring
49:03 Hand Cart
48:45 Treadmill Crane
51:30 Bracer
_kurtosis_
6:40 Loom
10:20 Feudal Age
10:22 Champi Runner
14:57 Padded Archer Armor
15:04 Scale Mail Armor
15:52 Padded Archer Armor
19:03 Forging
19:49 Fletching
24:13 Castle Age
23:45 Double-Bit Axe
24:12 Horse Collar
24:58 Squires
24:29 Champi Warrior
26:34 Wheelbarrow
26:35 Elite Skirmisher
27:49 Leather Archer Armor
27:59 Town Watch
28:40 Bodkin Arrow
31:49 Fervor
33:06 Town Patrol
36:08 Ballistics
36:44 Iron Casting
39:21 Herbalism
45:27 Imperial Age
43:42 Chain Mail Armor
46:18 Hand Cart
45:51 Elite Champi Warrior
47:08 Plate Mail Armor
46:18 Capped Ram
48:05 Conscription
47:53 Bracer
50:27 Elite Guecha Warrior
Connection lost

Rejoining the realm…

Still unreachable

The connection could not be restored.

Session expired

The server has moved on; the page needs a fresh start.